 Dungeon Crawl Stone Soup version 0.19.1 (webtiles) character file.

6056 RedPan the Grappler (level 10, -9/83 HPs)
             Began as a Red Draconian Transmuter on Dec 28, 2016.
             Was a Follower of Nemelex Xobeh.
             Mangled by a hornet (13 damage)
             ... on level 9 of the Dungeon.
             The game lasted 00:26:53 (9902 turns).

RedPan the Grappler (Red Draconian Transmuter)      Turns: 9902, Time: 00:26:54

Health: -9/83      AC:  8    Str: 13    XL:     10   Next: 57%
Magic:  13/13      EV: 17    Int: 17    God:    Nemelex Xobeh [*.....]
Gold:   567        SH:  0    Dex: 11    Spells: 3 memorised, 4 levels left

rFire  + . .     SeeInvis .       - Unarmed
rCold  . . .     Gourm    .     (armour unavailable)
rNeg   . . .     Faith    .     (shield currently unavailable)
rPois  .         Spirit   .     (helmet restricted)
rElec  .         Reflect  .     I - +0 cloak
rCorr  .         Harm     .     (gloves currently unavailable)
MR     .....                    (no boots)
Stlth  +.........               C - amulet of regeneration
                                (no ring)
                                o - +3 ring of evasion

@: lethally poisoned (-9 -> -18), blade hands, slowed, very slow
A: breathe fire, unfitting armour, fire resistance 1, cold-blooded, AC +7
a: Breathe Fire, End Transformation, Renounce Religion


You were on level 9 of the Dungeon.
You worshipped Nemelex Xobeh.
Nemelex Xobeh was aware of your devotion.
You were hungry.
You had blades for hands.
You visited 2 branches of the dungeon, and saw 10 of its levels.

You collected 567 gold pieces.

Inventory:

Missiles
 a - 156 arrows
Armour
 p - a +0 pair of gloves (melded)
 I - a +0 cloak (worn)
Jewellery
 o - a +3 ring of evasion (left scythe-like blade)
 C - an amulet of regeneration (around neck)
Wands
 j - a wand of paralysis (9/24)
 y - a wand of enslavement (16/24)
 G - a wand of disintegration (13/24)
 H - a wand of acid (5/15)
 N - a wand of iceblast (10/15)
 O - a wand of iceblast (5/15)
Scrolls
 d - 2 scrolls of fear
 e - 2 scrolls of blinking
 m - 3 scrolls of enchant armour
 v - a scroll of fog
 x - 4 scrolls of remove curse
 E - a scroll of teleportation
 J - 2 scrolls of identify
 L - a scroll of amnesia
 M - 2 scrolls of recharging {unknown}
 P - 2 scrolls of magic mapping
 R - a scroll of vulnerability {unknown}
Potions
 g - a potion of lignification
 i - 2 potions of agility
 k - a potion of invisibility
 l - a potion of cancellation
 n - a potion of resistance
 q - a potion of curing
 s - a potion of ambrosia
 t - a potion of might
 w - a potion of berserk rage
 z - a potion of haste {unknown}
 A - a potion of flight
Books
 b - a book of Changes

   Spells                             Type                      Level
   a - Beastly Appendage              Transmutation                1
   b - Sticks to Snakes               Transmutation                2
   c - Spider Form                    Transmutation/Poison         3
   d - Ice Form                       Ice/Transmutation            4
   e - Blade Hands                    Transmutation                5
 r - a book of Misfortune

   Spells                             Type                      Level
   a - Confusing Touch                Hexes                        1
   b - Confuse                        Hexes                        3
   c - Gell's Gravitas                Hexes/Translocation          3
   d - Petrify                        Transmutation/Earth          4
   e - Metabolic Englaciation         Hexes/Ice                    5
   f - Yara's Violent Unravelling     Hexes/Transmutation          5
 B - a Young Poisoner's Handbook

   Spells                             Type                      Level
   a - Sting                          Conjuration/Poison           1
   b - Mephitic Cloud                 Conjuration/Poison/Air       3
   c - Olgreb's Toxic Radiance        Poison                       4
   d - Alistair's Intoxication        Transmutation/Poison         5
   e - Venom Bolt                     Conjuration/Poison           5
 Q - a book of Minor Magic

   Spells                             Type                      Level
   a - Magic Dart                     Conjuration                  1
   b - Blink                          Translocation                2
   c - Call Imp                       Summoning                    2
   d - Repel Missiles                 Charms/Air                   2
   e - Slow                           Hexes                        2
   f - Conjure Flame                  Conjuration/Fire             3
   g - Mephitic Cloud                 Conjuration/Poison/Air       3
Miscellaneous
 f - a plain deck of escape {drawn: 1}
Comestibles
 c - 9 bread rations
 h - 5 meat rations
 D - 3 beef jerkies
 F - 6 slices of pizza
 K - a chunk of flesh
 S - 2 fruits


   Skills:
 - Level 6.0 Fighting
 + Level 5.3 Dodging
 - Level 10.2 Unarmed Combat
 - Level 2.0 Spellcasting
 - Level 10.0 Transmutations
 - Level 2.1 Poison Magic


You had 4 spell levels left.
You knew the following spells:

 Your Spells              Type           Power        Failure   Level  Hunger
a - Beastly Appendage     Tmut           #####.       12%         1    #......
b - Spider Form           Tmut/Pois      ###.......   36%         3    ###....
c - Blade Hands           Tmut           #####.....   45%         5    ######.


Dungeon Overview and Level Annotations

Branches:
Dungeon (9/15)             Temple (1/1) D:7            Lair (0/6) D:9
    Orc: D:9-12

Altars:
Ashenzari
Cheibriados
Dithmenos
Elyvilon
Fedhas
Gozag
Hepliaklqana
Kikubaaqudgha
Makhleb
Nemelex Xobeh
Okawaru
Qazlal
Ru
Sif Muna
Trog
Uskayaw
Vehumet
Xom
Yredelemnul
Zin
The Shining One

Shops:
D:8 %   D:9 (


Innate Abilities, Weirdness & Mutations

You can breathe blasts of fire.
Your fiery red scales are hard. (AC +7)
You cannot fit into any form of body armour.
Your flesh is heat resistant. (rF+)
You are cold-blooded and may be slowed by cold attacks.


Message History

You feel as though you will be slow longer.
The hornet barely misses you.
You feel sick. The hornet completely misses you.
You feel less invigorated.
You feel less confused.
You feel sick.
The hornet stings you but does no damage.
You closely miss the hornet.
The hornet is lightly wounded.
You feel sick. The hornet closely misses you. The hornet barely misses you.
You hit the hornet.
You tail-slap the hornet, but do no damage.
The hornet is moderately wounded.
You feel sick. The hornet stings you!
* * * LOW HITPOINT WARNING * * *
You are lethally poisoned!
You feel as though you will be slow longer.
The hornet stings you!
You die...
Your body disappears without a glow.

#.........##. #
#........## #
#........# #####
##.....#.# ######...#
##>..##.# ......#..#
##.###.# #..y#....# #.#
#.# ##..P##††.#######.#
#.#
.....P..#.y@......###.#
...>....#.#...........#
.P...P..#†#.###########
##P.P##......#
#...#............
.......#?...######
#######....## ###.##
#.#


You could see a hornet.

Vanquished Creatures
  Grinder (D:6)
  A two-headed ogre (D:8)
  A hornet (D:8)
  A yak (D:9)
  2 wyverns (D:8)
  Eustachio (D:6)
  A human (D:7)
  4 hogs (D:7)
  A hungry ghost (D:9)
  Duvessa (D:6)
  2 ice beasts (D:6)
  A necrophage (D:6)
  A phantom (D:6)
  4 sky beasts
  A black bear (D:8)
  2 ogres
  3 centaurs
  5 bullfrogs
  A big kobold (D:8)
  Dowan (D:6)
  A wyvern skeleton (D:9)
  2 scorpions
  7 killer bees (D:9)
  7 wights
  A howler monkey (D:9)
  2 crimson imps
  An orc priest (D:6)
  5 hounds
  4 jellies
  Crazy Yiuf (D:7)
  A bullfrog skeleton (D:7)
  An iguana (D:6)
  3 orc wizards
  7 worker ants
  3 hound zombies
  A hound skeleton (D:7)
  A worker ant zombie (D:8)
  9 adders
  2 shadow imps
  An ooze (D:3)
  An adder zombie (D:5)
  7 worms
  3 dart slugs
  11 leopard geckos
  16 orcs
  A ball python (D:5)
  7 bats
  8 giant cockroaches
  13 goblins
  5 hobgoblins
  4 jackals
  6 quokkas
  A ball python skeleton (D:4)
  3 frilled lizards
  A jackal skeleton (D:4)
  14 kobolds
  A quokka zombie (D:9)
  11 rats
208 creatures vanquished.

Vanquished Creatures (collateral kills)
  2 yaks (D:9)
  A human (D:9)
  An eye of draining (D:9)
  A hell rat (D:9)
  An ufetubus (D:9)
  A hobgoblin (D:9)
  A kobold (D:9)
8 creatures vanquished.

Vanquished Creatures (others)
  An ogre (D:9)
  2 killer bees (D:9)
  A ball lightning (D:9)
  A kobold (D:9)
  8 fungi (D:9)
  3 plants (D:9)
16 creatures vanquished.

Grand Total: 232 creatures vanquished

Notes
Turn   | Place    | Note
-------+----------+-------------------------------------------
     0 | D:1      | RedPan the Draconian Transmuter began the quest for the Orb.
     0 | D:1      | Reached XP level 1. HP: 16/16 MP: 3/3
     0 | D:1      | Noticed a minotaur skeleton
     3 | D:1      | Noticed a vine stalker
     6 | D:1      | Noticed an ogre
    11 | D:1      | Noticed a minotaur skeleton
    15 | D:1      | Noticed a draconian
    15 | D:1      | Noticed a minotaur skeleton
    17 | D:1      | Noticed an elf
    17 | D:1      | Noticed a minotaur skeleton
    19 | D:1      | Noticed a minotaur skeleton
   258 | D:1      | Reached XP level 2. HP: 15/23 MP: 5/5
   916 | D:1      | Reached XP level 3. HP: 27/28 MP: 6/6
   925 | D:1      | Learned a level 3 spell: Spider Form
  1886 | D:2      | Reached XP level 4. HP: 18/35 MP: 7/7
  2473 | D:3      | You fall through a shaft for 2 floors!
  2473 | D:5      | Entered Level 5 of the Dungeon
  2700 | D:3      | Reached skill level 1 in Poison Magic
  3573 | D:3      | Reached XP level 5. HP: 40/40 MP: 8/8
  3912 | D:4      | Noticed an ogre
  3933 | D:4      | Killed an ogre
  3933 | D:4      | Reached skill level 5 in Transmutations
  3933 | D:4      | Reached XP level 6. HP: 31/47 MP: 7/9
  5168 | D:5      | Reached skill level 5 in Unarmed Combat
  5168 | D:5      | Your scales start taking on a fiery red colour.
  5168 | D:5      | Reached XP level 7. HP: 57/57 MP: 8/10
  5168 | D:5      | Gained mutation: Your flesh is heat resistant. (rF+) [Red Draconian growth]
  5181 | D:5      | Found a glowing golden altar of the Shining One.
  5183 | D:5      | Found a white marble altar of Elyvilon.
  5183 | D:5      | Found a hazy altar of Hepliaklqana.
  5638 | D:6      | Noticed Duvessa
  5639 | D:6      | Noticed Dowan
  5654 | D:6      | Killed Duvessa
  5657 | D:6      | Killed Dowan
  5668 | D:6      | Reached XP level 8. HP: 23/63 MP: 9/11
  5879 | D:6      | Noticed Eustachio
  5904 | D:6      | Killed Eustachio
  6081 | D:6      | Noticed Grinder
  6089 | D:6      | Paralysed by Grinder for 3 turns
  6108 | D:6      | Killed Grinder
  6692 | D:6      | Reached skill level 10 in Unarmed Combat
  6895 | D:6      | Reached XP level 9. HP: 62/69 MP: 9/12
  7084 | D:6      | Gained mutation: Your magical capacity is low. (-10% MP) [potion of mutation]
  7084 | D:6      | Gained mutation: You tend to lose your temper in combat. [potion of mutation]
  7084 | D:6      | Gained mutation: You evolve. [potion of mutation]
  7085 | D:6      | Lost mutation: You tend to lose your temper in combat. [potion of cure mutation]
  7085 | D:6      | Lost mutation: Your magical capacity is low. (-10% MP) [potion of cure mutation]
  7085 | D:6      | Lost mutation: You evolve. [potion of cure mutation]
  7239 | D:7      | Learned a level 5 spell: Blade Hands
  7628 | D:7      | Found a staircase to the Ecumenical Temple.
  7651 | Temple   | Entered the Ecumenical Temple
  7891 | Temple   | Became a worshipper of Nemelex Xobeh the Trickster
  8047 | D:7      | Received a gift from Nemelex Xobeh
  8360 | D:7      | Found a runed door.
  8364 | D:7      | Noticed Crazy Yiuf
  8374 | D:7      | Killed Crazy Yiuf
  8480 | D:8      | Received a gift from Nemelex Xobeh
  8549 | D:8      | Reached * piety under Nemelex Xobeh
  8592 | D:8      | Reached skill level 10 in Transmutations
  8692 | D:8      | Reached XP level 10. HP: 73/77 MP: 13/13
  8994 | D:8      | Found Zylaxzu's Food Shoppe.
  9452 | D:9      | Reached skill level 5 in Fighting
  9779 | D:9      | Reached skill level 5 in Dodging
  9791 | D:9      | Found Loifuav's Weapon Shoppe.
  9824 | D:9      | Found a staircase to the Lair.
  9902 | D:9      | HP: 4/83 [hornet (12)]
  9902 | D:9      | Mangled by a hornet

Skill      XL: |  1  2  3  4  5  6  7  8  9 10 |
---------------+-------------------------------+-----
Transmutations | 3 4 5 10 | 10.0
Unarmed Combat | 4 5 7 10 | 10.2
Poison Magic   | 1 2 |  2.1
Fighting       | 3 6 |  6.0
Dodging        | 2 5 |  5.3
Spellcasting   | |  2.0

Action                   |  1- 3 |  4- 6 |  7- 9 | 10-12 || total
-------------------------+-------+-------+-------+-------++-------
Melee: Unarmed           |   208 |   255 |   357 |   157 ||   977
       Tailslap          |     7 |    17 |    18 |    20 ||    62
       Kick              |     7 |       |       |       ||     7
       Headbutt          |     5 |       |       |       ||     5
       Punch             |     2 |     2 |    10 |     7 ||    21
 Cast: Beastly Appendage |     8 |     1 |       |       ||     9
       Spider Form       |     2 |    13 |    15 |     1 ||    31
       Blade Hands       |       |       |       |     7 ||     7
Evoke: Deck              |       |       |       |    14 ||    14
  Use: Scroll            |       |    17 |     3 |       ||    20
       Potion            |       |     2 |     3 |     6 ||    11
 Stab: Sleeping          |     1 |     2 |     2 |     2 ||     7
  Eat: Chunk             |     3 |     7 |    13 |     6 ||    29
       Meat ration       |       |     1 |       |       ||     1
       Beef jerky        |       |     1 |       |       ||     1
       Pizza             |       |       |       |     1 ||     1
Armor: Skin              |    48 |    47 |    65 |    41 ||   201
Dodge: Dodged            |   124 |   162 |   199 |   164 ||   649
